 Dungeon Crawl Stone Soup version 0.28-a0-1382-g92835e5c71 (webtiles) character file.

Game seed: 10629559891312721092

206716 swappor the Warrior (level 18, -6/174 HPs)
             Began as a Minotaur Berserker on Jan 1, 2022.
             Was a High Priest of Trog.
             Killed by angry trees
             ... awakened by a spriggan druid
              (7 damage)
             ... on level 3 of the Swamp.
             The game lasted 03:49:17 (40366 turns).

swappor the Warrior (Minotaur Berserker)           Turns: 40366, Time: 03:49:18

Health: -6/174     AC: 30    Str: 28    XL:     18   Next: 7%
Magic:  8/8        EV: 13    Int:  6    God:    Trog [*****.]
Gold:   1940       SH: 12    Dex: 10    Spells: 17/17 levels left

rFire   + . .      SeeInvis +   a - +6 broad axe (vorpal)
rCold   + + .      Faith    .   c - +0 kite shield {reflect}
rNeg    . . .      Spirit   .   q - +4 plate armour
rPois   +          Reflect  +   (helmet restricted)
rElec   +          Harm     .   Q - +0 cloak "Cuxapuxi" {rC+ MP-9 Int+2 SInv}
rCorr   +          Rampage  .   C - +1 pair of gloves
Will    ++...                   d - +2 pair of boots
Stlth   ..........              t - amulet of regeneration
HPRegen 1.19/turn               w - ring of willpower
MPRegen 0.11/turn               P - ring of poison resistance {rPois, !d}

@: resistant, on berserk cooldown, slowed, invisible, unable to read, very slow
A: horns 2, retaliatory headbutt, dopey 1, wild magic 1
}: 1/15 runes: gossamer
a: Renounce Religion, Berserk, Trog's Hand, Brothers in Arms


You were on level 3 of the Swamp.
You worshipped Trog.
Trog was extremely pleased with you.
You visited 6 branches of the dungeon, and saw 31 of its levels.
You also visited: Sewer.

You collected 3055 gold pieces.
You spent 1115 gold pieces at shops.

Inventory:

Hand Weapons
 a - a +6 vorpal broad axe (weapon)
   (Trog gifted it to you on level 14 of the Dungeon)
 b - a +0 morningstar of draining
   (You took it off a gargoyle on level 13 of the Dungeon)
Missiles
 A - 4 throwing nets (quivered) {!d}
 B - 3 silver javelins
Armour
 c - a +0 kite shield of reflection (worn)
   (You found it on level 13 of the Dungeon)
 d - a +2 pair of boots (worn)
   (You found it on level 2 of the Spider Nest)
 k - an orb of light
   (You found it on level 12 of the Dungeon)
 q - a +4 plate armour (worn)
   (You took it off an orc warrior on level 2 of the Orcish Mines)
 C - a +1 pair of gloves (worn)
   (You found it on level 7 of the Dungeon)
 Q - the +0 cloak "Cuxapuxi" (worn) {rC+ MP-9 Int+2 SInv}
   (You found it on level 2 of the Swamp)

   Int:       It affects your intelligence (+2).
   rC:        It protects you from cold.
   MP:        It affects your magic capacity (-9).
   SInv:      It lets you see invisible.
Jewellery
 f - a ring of fire {rF+, rC-}
   (You found it on level 4 of the Spider Nest)
 t - an amulet of regeneration (around neck)
   (You found it on level 12 of the Dungeon)
 w - a ring of willpower (left hand)
   (You found it on level 1 of the Dungeon)
 P - a ring of poison resistance (right hand) {rPois, !d}
   (You found it on level 1 of the Swamp)
Wands
 e - a wand of charming (12)
   (You found it on level 2 of the Lair of Beasts)
 h - a wand of acid (28)
   (You found it on level 6 of the Dungeon)
 i - a wand of iceblast (29)
   (You found it on level 3 of the Dungeon)
 j - a wand of polymorph (10)
   (You found it on level 6 of the Lair of Beasts)
 p - a wand of paralysis (7)
   (You found it on level 5 of the Lair of Beasts)
 y - a wand of mindburst (11)
   (You took it off Maurice on level 9 of the Dungeon)
Scrolls
 v - 3 scrolls of fog
 x - a scroll of brand weapon
 D - 3 scrolls of blinking {!r}
 E - a scroll of fear
 K - a scroll of immolation {!r}
 O - 2 scrolls of silence
 S - a scroll of summoning
 X - 6 scrolls of magic mapping {@r4!r}
 Y - 7 scrolls of teleportation {@r3}
Potions
 n - 3 potions of might
 G - 3 potions of ambrosia {!q}
 J - 5 potions of curing {@q1}
 L - 3 potions of flight
 M - 6 potions of magic
 T - 2 potions of berserk rage {!q}
 U - 7 potions of mutation {!q}
Miscellaneous
 g - a tin of tremorstones (2/2)
   (You found it on level 11 of the Dungeon)
 l - a condenser vane
   (You found it on level 13 of the Dungeon)
 m - a phantom mirror
   (You found it on level 4 of the Lair of Beasts)
 z - a box of beasts
   (You found it on level 14 of the Dungeon)


   Skills:
 + Level 18.8 Fighting
 * Level 17.9 Axes
 + Level 18.5 Armour
 + Level 17.2 Dodging
 * Level 13.1 Shields
 - Level 8.0 Evocations


You had 17 spell levels left.
You didn't know any spells.
Your spell library was empty.

Dungeon Overview and Level Annotations

Branches:
Dungeon (15/15)            Temple (1/1) D:7            Lair (6/6) D:11
  Swamp (3/4) Lair:2       Spider (4/4) Lair:3        Slime (0/5) Lair:5
    Orc (2/2) D:12            Elf (0/3) Orc:2        Vaults (0/5) D:14
 Depths (0/4) D:15          Sewer (visited)

Altars:
Ashenzari
Cheibriados
Dithmenos
Elyvilon
Fedhas
Gozag
Hepliaklqana
Kikubaaqudgha
Makhleb
Nemelex Xobeh
Okawaru
Qazlal
Ru
Sif Muna
Trog
Uskayaw
Vehumet
Wu Jian
Xom
Yredelemnul
Zin
The Shining One
Beogh

Shops:
D:2 !   D:5 *   D:9 (   Orc:2 *?[(:

Portals:
Abyss: Swamp:2

Annotations:
D:1 1 runed translucent door


Innate Abilities, Weirdness & Mutations

You have a pair of horns on your head.
You reflexively headbutt those who attack you in melee.
You are dopey. (Int -2)
Your spells are a little harder to cast, but a little more powerful.


Message History

* * * LOW HITPOINT WARNING * * *
The eight-headed hydra bites you but does no damage.
The eight-headed hydra bites you.
* * * LOW HITPOINT WARNING * * *
The eight-headed hydra closely misses you.
The eight-headed hydra bites you but does no damage. x2
You block the eight-headed hydra's attack.
The eight-headed hydra bites you but does no damage.
The will-o-the-wisp engulfs you but does no damage.
A bog body comes into view.
You block the eight-headed hydra's attack.
The eight-headed hydra bites you.
* * * LOW HITPOINT WARNING * * *
The eight-headed hydra bites you but does no damage.
You block the eight-headed hydra's attack.
The eight-headed hydra bites you but does no damage. x3
The eight-headed hydra bites you.
* * * LOW HITPOINT WARNING * * *
The will-o-the-wisp engulfs you but does no damage. 2 foxfires come into view.
You take 13 damage, and have 36/174 hp.
You fade into invisibility!
The foxfire hits you! You resist.
* * * LOW HITPOINT WARNING * * *
The foxfire hits you but does no damage.
You block the eight-headed hydra's attack.
The eight-headed hydra bites you but does no damage.
The eight-headed hydra closely misses you.
The eight-headed hydra bites you but does no damage. x2
You block the eight-headed hydra's attack.
The eight-headed hydra bites you but does no damage.
You block the eight-headed hydra's attack.
The spriggan rider hits you but does no damage.
The will-o-the-wisp blinks!
The eight-headed hydra bites you!
* * * LOW HITPOINT WARNING * * *
You block the eight-headed hydra's attack.
The eight-headed hydra barely misses you.
The eight-headed hydra bites you.
* * * LOW HITPOINT WARNING * * *
The eight-headed hydra bites you but does no damage.
The eight-headed hydra misses you.
The eight-headed hydra bites you but does no damage. x2
You take 21 damage, and have 15/174 hp.
Really quaff
G - 4 potions of ambrosia {!q}?
You are confused.
You feel invigorated.
The spriggan rider hits you but does no damage.
The will-o-the-wisp blinks!
The eight-headed hydra misses you.
The eight-headed hydra bites you but does no damage. x2
The eight-headed hydra barely misses you.
The eight-headed hydra bites you.
* * * LOW HITPOINT WARNING * * *
The eight-headed hydra bites you but does no damage. x3
The bog body points at you and mumbles some strange words.
The bolt of cold misses you. The spriggan rider barely misses you.
You feel better.
You feel less invigorated.
The eight-headed hydra bites you but does no damage. x3
You block the eight-headed hydra's attack. x2
The eight-headed hydra bites you but does no damage.
The eight-headed hydra bites you.
* * * LOW HITPOINT WARNING * * *
The eight-headed hydra bites you but does no damage.
The spriggan druid splashes around in the water.
The spriggan rider hits you from afar with a +0 spear.
* * * LOW HITPOINT WARNING * * *
The will-o-the-wisp blinks!
A spriggan comes into view. It is wielding a +0 rapier.
The eight-headed hydra bites you but does no damage. x3
You block the eight-headed hydra's attack.
The eight-headed hydra bites you but does no damage.
The eight-headed hydra completely misses you.
The eight-headed hydra bites you but does no damage. x2
You regained 6 hp, and now have 22/174 hp.
The spriggan shouts!
The spriggan rider hits you from afar with a +0 spear.
* * * LOW HITPOINT WARNING * * *
The eight-headed hydra bites you but does no damage.
The eight-headed hydra closely misses you.
You block the eight-headed hydra's attack.
The eight-headed hydra bites you but does no damage.
You block the eight-headed hydra's attack.
The eight-headed hydra bites you but does no damage.
The eight-headed hydra closely misses you.
The eight-headed hydra barely misses you.
The spriggan rider hits you from afar with a +0 spear.
* * * LOW HITPOINT WARNING * * *
The eight-headed hydra bites you!
* * * LOW HITPOINT WARNING * * *
You block the eight-headed hydra's attack.
The eight-headed hydra misses you.
The eight-headed hydra bites you but does no damage. x4
The eight-headed hydra completely misses you.
The spriggan druid hits you but does no damage.
You take 14 damage, and have 8/174 hp.
Okay, then.
Unknown command.
You are hit by a branch!
* * * LOW HITPOINT WARNING * * *
A root smacks you from below!
You die...

≈.♣ ..♣ ♣ ..♣ .♣≈♣♣♣♣♣♣≈≈♣♣
.≈≈.≈≈...≈.≈♣ #.....<≈i$..♣ ♣♣♣
♣♣♣♣♣♣♣♣♣
#..≈.≈≈§.§≈...♣♣.♣♣♣♣♣♣.♣.....♣.♣
#...♣♣♣♣♣≈....>.§iD....≈≈≈≈≈[...♣
..♣ ♣♣..≈≈≈@≈≈i♣..).≈.≈.≈≈.♣ #
♣♣.<≈♣≈≈≈v≈.i..≈≈≈≈≈≈.♣
♣♣..≈≈n≈§♣≈....≈≈≈≈♣.♣
♣♣..§≈...≈≈§≈....♣♣.♣
♣♣≈♣≈≈♣.≈≈≈≈≈≈.♣♣ ♣
♣≈≈≈...≈≈≈≈≈≈.♣ ♣>≈.≈≈...≈.≈≈.♣
..≈.♣≈♣♣♣♣.≈.♣♣


You could see an eight-headed hydra, a spriggan rider, a spriggan druid, a
will-o-the-wisp, a bog body and a spriggan.

Vanquished Creatures
  Arachne (Spider:2)
  A hellephant (Swamp:2)
  The ghost of kairosrom117 the Peltast, an adept MiFi of Okawaru (Swamp:2)
  A tentacled starspawn (Swamp:2)
  A thorn hunter (Swamp:3)
  2 fenstrider witches
  The ghost of freelancePsychic the Warrior, a journeyman MiGl of Jiyva (Lair:6)
  A cacodemon (Swamp:2)
  8 emperor scorpions
  3 ghost moths (Spider:4)
  A very ugly thing (Swamp:2)
  2 eleionomae
  3 entropy weavers
  The ghost of Pinouros the Devastator, a journeyman DECj of Vehumet (Lair:5)
  5 bunyips
  Azrael (D:15)
  2 dire elephants
  A spark wasp (Spider:1)
  Snorg (D:12)
  Josephine (D:15)
  4 vault guards (D:14)
  A shambling mangrove (Swamp:1)
  11 hydras
  A ghost crab (Swamp:1)
  4 boulder beetles
  An ogre mage (D:14)
  2 centaur warriors
  2 radroaches
  2 tengu warriors
  7 alligators
  2 two-headed ogres
  2 catoblepae
  Urug (D:11)
  A thrashing horror (Swamp:2)
  6 death yaks
  6 orc high priests
  A wretched star (Swamp:2)
  2 pharaoh ants
  A large abomination (Swamp:2)
  A fire crab (shapeshifter) (D:14)
  2 sun moths (Spider:1)
  6 steelbarb worms
  3 skeletal warriors (D:14)
  2 goliath frogs
  3 spriggan druids
  A swamp dragon (Swamp:1)
  A wizard (Swamp:2)
  11 orb spiders
  3 bog bodies
  A lindwurm (Lair:6)
  A wolf spider zombie (D:15)
  2 orc sorcerers (Orc:1)
  3 harpies (D:13)
  A deep elf pyromancer (D:15)
  13 orc knights
  3 manticores
  24 wolf spiders
  27 ugly things
  4 cyclopes
  A will-o-the-wisp (Lair:2)
  A worldbinder (Swamp:2)
  4 moths of wrath
  Maurice (D:9)
  5 elephants (Lair:2)
  5 torpor snails
  3 black mambas
  17 centaur zombies
  3 gargoyles
  12 cane toads
  2 unseen horrors
  8 rime drakes
  A rime drake (shapeshifter) (D:12)
  2 kobold demonologists
  11 demonic crawlers
  11 komodo dragons
  Psyche (D:11)
  A freezing wraith (D:14)
  A tengu conjurer (D:14)
  7 trolls
  27 meliai
  11 polar bears
  3 tyrant leeches
  A raiju (shapeshifter) (D:10)
  15 hornets
  11 slime creatures
  28 blink frogs
  24 tarantellas
  3 raiju
  32 jumping spiders
  2 meliai zombies (D:15)
  5 spriggans
  5 wraiths
  5 shadows
  A vampire (D:7)
  12 culicivoras
  36 yaks
  10 wyverns
  11 basilisks
  2 fire elementals (D:15)
  18 redbacks
  3 steam dragons
  6 vampire mosquitoes
  8 wargs
  Menkaure (D:6)
  10 swamp worms
  9 water moccasins
  An acid dragon (D:7)
  23 hell hounds
  37 orc warriors
  2 swamp drakes
  An ice beast (D:5)
  A hornet zombie (D:9)
  An ice beast (shapeshifter) (D:15)
  11 black bears (Lair:6)
  15 wolves
  13 ogres
  7 centaurs
  2 kobold brigands
  15 bullfrogs
  A bullfrog (shapeshifter) (D:14)
  3 gnoll sergeants
  6 scorpions
  A wyvern zombie (D:8)
  3 water moccasin zombies
  6 killer bees (D:10)
  6 electric eels
  3 howler monkeys (D:8)
  3 wights (D:8)
  3 bullfrog zombies
  A jelly (D:4)
  5 hounds
  40 orc priests
  A centaur skeleton (D:7)
  A gnoll shaman (Orc:2)
  3 iguanas
  Terence (D:2)
  16 orc wizards
  A scorpion zombie (D:4)
  4 hell rats (Lair:6)
  2 hound zombies (D:4)
  3 hound skeletons (D:4)
  A howler monkey zombie (D:7)
  22 gnolls
  10 adders
  2 river rats (Sewer)
  A shadow imp (D:6)
  3 white imps
  2 adder zombies (D:4)
  An adder skeleton (D:4)
  8 worms
  2 dart slugs
  94 orcs
  5 bats
  7 endoplasms
  11 giant cockroaches
  9 goblins
  9 hobgoblins
  6 jackals
  5 quokkas
  7 ball pythons
  7 frilled lizards
  17 kobolds
  7 rats
1081 creatures vanquished.

Vanquished Creatures (collateral kills)
  A hydra (Lair:5)
  2 death yaks (D:11)
  A cane toad (Lair:5)
  A blink frog (Lair:5)
5 creatures vanquished.

Vanquished Creatures (others)
  A bloated husk (Swamp:2)
  A hornet (Spider:4)
  A swamp drake (Swamp:1)
  A briar patch (Swamp:3)
  14 foxfires
  47 fungi
  71 plants
  2 starspawn tentacles (Swamp:2)
  4 withered plants
142 creatures vanquished.

Grand Total: 1228 creatures vanquished

Notes
Turn   | Place    | Note
-------+----------+-------------------------------------------
     0 | D:1      | swappor the Minotaur Berserker began the quest for the Orb.
     0 | D:1      | Reached XP level 1. HP: 19/19 MP: 0/0
     0 | D:1      | magus.rc [v1.11.2]
     1 | D:1      | Found a runed translucent door.
   239 | D:1      | Reached XP level 2. HP: 27/27 MP: 1/1
   282 | D:1      | Reached skill level 4 in Axes
   674 | D:2      | Reached ** piety under Trog
   781 | D:2      | Reached skill level 4 in Fighting
   781 | D:2      | Reached XP level 3. HP: 26/33 MP: 2/2
   847 | D:2      | Noticed Terence
   889 | D:2      | Killed Terence
   890 | D:2      | Reached skill level 3 in Armour
  1150 | D:2      | Reached skill level 1 in Shields
  1175 | D:2      | Found Eprae's Distillery.
  1255 | D:2      | Reached XP level 4. HP: 40/40 MP: 3/3
  2107 | D:3      | Reached skill level 5 in Axes
  2120 | D:3      | Reached *** piety under Trog
  2359 | D:3      | Reached skill level 3 in Dodging
  2373 | D:3      | Found a faded altar of an unknown god.
  2484 | D:4      | Noticed a centaur
  2658 | D:4      | Killed a centaur
  2659 | D:4      | Reached skill level 2 in Shields
  2659 | D:4      | Reached XP level 5. HP: 25/47 MP: 2/4
  3305 | D:4      | Reached XP level 6. HP: 49/53 MP: 5/5
  3402 | D:4      | Reached skill level 5 in Fighting
  3402 | D:4      | Reached skill level 6 in Axes
  3402 | D:4      | Reached skill level 4 in Armour
  3688 | D:4      | Reached skill level 3 in Shields
  3711 | D:4      | Reached XP level 7. HP: 58/61 MP: 4/6
  3723 | D:4      | Reached skill level 4 in Dodging
  3847 | D:5      | Entered Level 5 of the Dungeon
  3975 | D:5      | Found Rolael's General Store.
  4243 | D:5      | Reached skill level 7 in Axes
  4457 | D:5      | Reached skill level 4 in Shields
  4575 | D:5      | Reached skill level 5 in Armour
  4575 | D:5      | Reached XP level 8. HP: 70/70 MP: 5/7
  4923 | D:6      | Noticed Menkaure
  4931 | D:6      | Killed Menkaure
  4931 | D:6      | HP: 17/70 [orc priest/divine providence (10)]
  4932 | D:6      | Reached skill level 6 in Fighting
  4932 | D:6      | Reached skill level 8 in Axes
  4934 | D:6      | HP: 7/70 [orc priest/divine providence (13)]
  5173 | D:6      | Reached skill level 5 in Dodging
  5198 | D:6      | Found a glowing drain.
  5218 | D:6      | Reached **** piety under Trog
  5227 | Sewer    | Entered a sewer
  5820 | D:6      | Reached skill level 6 in Armour
  5888 | D:6      | Reached skill level 9 in Axes
  5923 | D:6      | Found a glowing golden altar of the Shining One.
  5932 | D:6      | Reached skill level 1 in Evocations
  6249 | D:7      | Reached skill level 7 in Fighting
  6249 | D:7      | Reached XP level 9. HP: 68/79 MP: 6/8
  6331 | D:7      | Reached skill level 6 in Dodging
  6375 | D:7      | Found a staircase to the Ecumenical Temple.
  6467 | D:7      | Reached skill level 2 in Evocations
  6524 | Temple   | Entered the Ecumenical Temple
  7009 | D:7      | Reached skill level 10 in Axes
  7761 | D:8      | Reached skill level 7 in Armour
  7764 | D:8      | Noticed a two-headed ogre
  7774 | D:8      | Killed a two-headed ogre
  7775 | D:8      | Reached skill level 8 in Fighting
  7775 | D:8      | Reached skill level 3 in Evocations
  8213 | D:8      | Reached XP level 10. HP: 88/88 MP: 6/9
  8269 | D:8      | You fall into a shaft and drop 3 floors!
  8269 | D:11     | Noticed Psyche
  8316 | D:11     | Reached skill level 11 in Axes
  8325 | D:11     | Killed Psyche
  8326 | D:11     | Reached skill level 7 in Dodging
  8629 | D:10     | Entered Level 10 of the Dungeon
  9023 | D:8      | Reached skill level 8 in Armour
  9047 | D:8      | Reached skill level 4 in Evocations
  9663 | D:9      | Found Ulaenn's Antique Weapon Shoppe.
  9946 | D:9      | Reached skill level 12 in Axes
 10180 | D:9      | Reached skill level 9 in Fighting
 10478 | D:9      | Noticed Maurice
 10483 | D:9      | Killed Maurice
 10789 | D:10     | Reached skill level 8 in Dodging
 11003 | D:10     | Reached XP level 11. HP: 90/97 MP: 8/10
 11845 | D:11     | Noticed a sun demon
 11847 | D:11     | Reached skill level 9 in Armour
 11860 | D:11     | Noticed a death yak
 11873 | D:11     | Noticed a death yak
 11877 | D:11     | Killed a death yak
 11878 | D:11     | Reached skill level 5 in Evocations
 11878 | D:11     | Noticed a death yak
 11879 | D:11     | Noticed a death yak
 11903 | D:11     | HP: 21/99 [death yak (9)]
 11905 | D:11     | HP: 7/99 [death yak (15)]
 11907 | D:11     | HP: 1/99 [death yak (7)]
 11908 | D:11     | Killed a death yak
 11909 | D:11     | Reached skill level 13 in Axes
 12325 | D:11     | Killed a death yak
 12490 | D:11     | Found a staircase to the Lair.
 12532 | D:11     | Noticed a death yak
 12545 | D:11     | Killed a death yak
 12546 | D:11     | Reached skill level 10 in Fighting
 12552 | D:11     | Killed a death yak
 12813 | D:11     | Noticed Urug
 12876 | D:11     | Killed Urug
 12877 | D:11     | Reached skill level 9 in Dodging
 13217 | Lair:1   | Entered Level 1 of the Lair of Beasts
 13434 | Lair:1   | Reached skill level 14 in Axes
 13455 | Lair:1   | Reached skill level 10 in Armour
 13668 | Lair:1   | Reached XP level 12. HP: 81/108 MP: 11/11
 13815 | Lair:1   | Noticed a dire elephant
 13983 | Lair:1   | Identified the +4 scale mail "Socw" {Int+4 Dex+2}
 14019 | Lair:1   | Killed a dire elephant
 14357 | Lair:2   | Reached ***** piety under Trog
 14365 | Lair:2   | Reached skill level 11 in Fighting
 14886 | Lair:2   | Reached skill level 15 in Axes
 15083 | Lair:2   | Reached skill level 10 in Dodging
 15200 | Lair:2   | Found a staircase to the Swamp.
 15344 | Lair:2   | Reached skill level 11 in Armour
 15501 | Lair:2   | Received a gift from Trog
 16419 | Lair:3   | Reached skill level 16 in Axes
 16817 | Lair:3   | Found a hole to the Spider Nest.
 17329 | Lair:4   | Reached skill level 12 in Fighting
 17550 | Lair:4   | Reached XP level 13. HP: 118/118 MP: 12/12
 17910 | Lair:4   | Reached skill level 11 in Dodging
 17915 | Lair:4   | Reached skill level 12 in Armour
 18051 | Lair:4   | Found a radiant altar of Vehumet.
 18121 | Lair:4   | Reached skill level 6 in Evocations
 18673 | Lair:5   | Found a staircase to the Slime Pits.
 19204 | Lair:5   | Found a runed translucent door.
 19208 | Lair:5   | Noticed Pinouros's ghost (journeyman DECj)
 19585 | Lair:5   | Killed Pinouros's ghost
 19640 | Lair:6   | Entered Level 6 of the Lair of Beasts
 19727 | Lair:6   | Reached skill level 13 in Fighting
 20374 | Lair:6   | Reached skill level 7 in Evocations
 20414 | Lair:6   | Found a large runed translucent door.
 20414 | Lair:6   | Found a large runed translucent door.
 20416 | Lair:6   | Noticed freelancePsychic's ghost (journeyman MiGl)
 20644 | Lair:6   | Reached skill level 13 in Armour
 20644 | Lair:6   | Reached skill level 12 in Dodging
 21329 | Lair:6   | Reached XP level 14. HP: 89/129 MP: 10/13
 21634 | Lair:6   | HP: 31/130 [raiju/living lightning (11)]
 22606 | Lair:6   | Reached skill level 8 in Evocations
 22608 | Lair:6   | Reached skill level 14 in Fighting
 22718 | Lair:6   | Received a gift from Trog
 22979 | Lair:6   | Killed freelancePsychic's ghost
 23898 | D:12     | Noticed Snorg
 24107 | D:12     | Killed Snorg
 24112 | D:12     | Reached skill level 14 in Armour
 24256 | D:12     | Found a staircase to the Orcish Mines.
 24506 | D:12     | Reached skill level 13 in Dodging
 25853 | D:13     | Reached skill level 15 in Fighting
 26329 | D:14     | Found a broken altar of Ashenzari.
 26400 | D:14     | Found a gate to the Vaults.
 26448 | D:14     | Reached skill level 5 in Shields
 26456 | D:14     | Reached skill level 15 in Armour
 26463 | D:14     | Paralysed by something for 3 turns
 26545 | D:14     | Reached XP level 15. HP: 141/141 MP: 14/14
 26733 | D:14     | Reached skill level 14 in Dodging
 26968 | D:14     | Received a gift from Trog
 27115 | D:14     | Reached skill level 6 in Shields
 27118 | D:14     | HP: 51/211 [meliai (11)]
 27406 | D:15     | Entered Level 15 of the Dungeon
 27413 | D:15     | Noticed Azrael
 27431 | D:15     | Killed Azrael
 27594 | D:15     | Found a basalt altar of Yredelemnul.
 27629 | D:15     | HP: 19/143 [white ugly thing (32)]
 27634 | D:15     | HP: 23/321 [poisoned by a green ugly thing]
 27640 | D:15     | HP: 21/321 [poisoned by a green ugly thing]
 27645 | D:15     | HP: 15/214 [poisoned by a green ugly thing]
 27846 | D:15     | Reached skill level 7 in Shields
 27855 | D:15     | Reached skill level 16 in Fighting
 27969 | D:14     | HP: 24/144 [red ugly thing (20)]
 27974 | D:14     | HP: 33/216 [poisoned by a green ugly thing]
 27979 | D:14     | HP: 23/144 [poisoned by a green ugly thing]
 28359 | D:15     | Noticed Josephine
 28374 | D:15     | Killed Josephine
 28375 | D:15     | Reached skill level 16 in Armour
 28725 | D:15     | Reached skill level 8 in Shields
 28731 | D:15     | HP: 36/145 [dire elephant (25)]
 28827 | D:15     | Found a staircase to the Depths.
 29043 | Orc:1    | Entered Level 1 of the Orcish Mines
 29139 | Orc:1    | Identified the +2 lajatang "Posiar" {vorpal, rPois rN+++
                  | Dex+3 Stlth-} (Trog gifted it to you on level 1 of the
                  | Orcish Mines)
 29139 | Orc:1    | Received a gift from Trog
 29598 | Orc:2    | Entered Level 2 of the Orcish Mines
 29598 | Orc:2    | Found a bloodstained altar of Trog.
 29602 | Orc:2    | Found Ezaug's Assorted Antiques.
 29703 | Orc:1    | Reached skill level 15 in Dodging
 29846 | Orc:1    | Reached ****** piety under Trog
 29962 | Orc:2    | Received a gift from Trog
 30204 | Orc:2    | Bought a scroll of identify for 70 gold pieces
 30204 | Orc:2    | Bought a lumpy cyan potion for 31 gold pieces
 30204 | Orc:2    | Bought a red potion for 31 gold pieces
 30726 | Orc:2    | Found a staircase to the Elven Halls.
 30973 | Orc:2    | Reached XP level 16. HP: 145/152 MP: 15/15
 31038 | Orc:2    | Gained mutation: Your spells are a little harder to cast,
                  | but a little more powerful. [a neqoxec]
 31076 | Orc:2    | Reached skill level 9 in Shields
 31474 | Orc:2    | Found Codgh's Book Emporium.
 31477 | Orc:2    | Found Vyboara's Armour Emporium.
 31478 | Orc:2    | Found Zimoiteona's Magic Scroll Emporium.
 31479 | Orc:2    | Found Rouvuag's Antique Weapon Shoppe.
 31494 | Orc:2    | Bought a scroll of blinking for 97 gold pieces
 31494 | Orc:2    | Bought a scroll of fog for 26 gold pieces
 31494 | Orc:2    | Bought a scroll of blinking for 97 gold pieces
 31494 | Orc:2    | Bought a scroll of identify for 26 gold pieces
 31494 | Orc:2    | Bought a scroll of silence for 97 gold pieces
 31494 | Orc:2    | Bought a scroll of fear for 45 gold pieces
 31565 | Orc:2    | Bought a potion of might for 140 gold pieces
 31565 | Orc:2    | Bought a potion of mutation for 280 gold pieces
 31565 | Orc:2    | Bought a potion of heal wounds for 175 gold pieces
 31779 | Spider:1 | Entered Level 1 of the Spider Nest
 31876 | Spider:1 | Reached skill level 17 in Fighting
 32113 | Spider:1 | HP: 34/232 [disintegration (54)]
 32121 | Spider:1 | HP: 29/155 [disintegration (3)]
 32386 | Spider:1 | Received a gift from Trog
 32577 | Spider:1 | Reached skill level 17 in Armour
 32577 | Spider:1 | Reached skill level 10 in Shields
 33257 | Spider:2 | Upgraded the game from 0.28-a0-1374-ga75cb3825e to
                  | 0.28-a0-1382-g92835e5c71
 33344 | Spider:2 | HP: 34/155 [poisoned by a wolf spider]
 33346 | Spider:2 | HP: 13/155 [barbs]
 33351 | Spider:1 | HP: 33/155 [poisoned by a wolf spider]
 33516 | Spider:2 | Noticed Arachne
 33528 | Spider:2 | Killed Arachne
 33529 | Spider:2 | Reached skill level 16 in Dodging
 33700 | Spider:2 | Received a gift from Trog
 34296 | Spider:2 | Reached skill level 11 in Shields
 34380 | Spider:1 | HP: 37/157 [poisoned by an emperor scorpion]
 34385 | Spider:1 | HP: 37/157 [poisoned by an emperor scorpion]
 34569 | Spider:2 | Reached XP level 17. HP: 157/163 MP: 16/16
 35926 | Spider:3 | Reached skill level 18 in Fighting
 36297 | Spider:4 | Entered Level 4 of the Spider Nest
 36364 | Spider:4 | Received a gift from Trog
 37229 | Spider:4 | Reached skill level 17 in Axes
 37243 | Spider:4 | Reached skill level 18 in Armour
 37258 | Spider:4 | HP: 41/165 [wolf spider (6)]
 37260 | Spider:4 | HP: 17/165 [poisoned by an emperor scorpion]
 37265 | Spider:3 | HP: 12/165 [poisoned by an emperor scorpion]
 37420 | Spider:3 | HP: 59/247 [emperor scorpion (3)]
 37425 | Spider:3 | HP: 41/247 [poisoned by a wolf spider]
 37427 | Spider:3 | HP: 20/165 [poisoned by a wolf spider]
 37432 | Spider:3 | HP: 16/165 [poisoned by a wolf spider]
 37903 | Spider:4 | Reached skill level 12 in Shields
 38087 | Spider:4 | Got a gossamer rune of Zot
 38349 | Swamp:1  | Entered Level 1 of the Swamp
 38506 | Swamp:1  | Paralysed by a hornet for 3 turns
 38511 | Swamp:1  | Received a gift from Trog
 39369 | Swamp:2  | Noticed a hellephant
 39371 | Swamp:2  | Noticed kairosrom117's ghost (adept MiFi)
 39400 | Swamp:2  | Found a one-way gate to the infinite horrors of the Abyss.
 39412 | Swamp:2  | Reached skill level 17 in Dodging
 39444 | Swamp:2  | Found a transporter.
 39486 | Swamp:2  | Found a transporter.
 39732 | Swamp:2  | Identified the +0 cloak "Cuxapuxi" {rC+ MP-9 Int+2 SInv}
 40050 | Swamp:2  | Gained mutation: You are dopey. (Int -2) [a cacodemon]
 40069 | Swamp:2  | Killed a hellephant
 40174 | Swamp:2  | Killed kairosrom117's ghost
 40175 | Swamp:2  | Reached skill level 13 in Shields
 40191 | Swamp:2  | Reached XP level 18. HP: 128/173 MP: 8/17
 40354 | Swamp:3  | HP: 61/261 [will-o-the-wisp/foxfire (16)]
 40361 | Swamp:3  | HP: 40/174 [eight-headed hydra (6)]
 40362 | Swamp:3  | HP: 16/174 [eight-headed hydra (9)]
 40366 | Swamp:3  | HP: 1/174 [spriggan druid/angry trees (10)]
 40366 | Swamp:3  | Killed from afar by a spriggan druid

Illustrated notes

Levels and vault maps discovered:
D:1:      dpeg_arrival_caged_fury, layout_basic, minmay_worlds_worst_comb
D:2:      layout_basic, serial_shops, shop, uniq_terence
D:3:      wad_river_or_something, layout_basic, basic_ecumenical_altar
D:4:      layout_loops_ring, serial_undead, serial_undead_c, serial_undead_b,
          serial_undead_a, serial_undead_c, serial_undead_f, serial_undead_a
D:5:      layout_basic, serial_shops, nicolae_stop_n_shop_1
D:6:      layout_rooms, old_standard_altar, gup_sewer_entry_glass,
          kennysheep_generic_room_5, uniq_menkaure
D:7:      layout_cave_pools, minmay_temple_entry_slanted
D:8:      layout_loops_cross
D:9:      layout_stronghold, serial_shops, nicolae_inconvenience_store,
          uniq_maurice
D:10:     layout_irregular_city, kennysheep_small_spiral
D:11:     layout_big_octagon, dpeg_lair_monsters, grunt_ogre_cave, uniq_psyche,
          uniq_urug
D:12:     layout_basic, orc_0_dummy, uniq_snorg
D:13:     layout_roguey, argonaut_gorgonesque
D:14:     layout_loops_ring, lightli_vaults_fourway_checkpoint,
          kennysheep_big_empty_room, fungi_pond_lemuel,
          ashenzari_conservatory_becter
D:15:     hangedman_depths_entry_try_elsewhere_first, layout_basic,
          hellmonk_bongcloud_opening, nicolae_yredelemnul_corpse_copse,
          uniq_azrael, uniq_josephine
Temple:   regret_index_temple_sigil_plot
Lair:1:   layout_big_grid, nicolae_lair_grazing_beasts
          [nicolae_sub_lair_graze_edge, nicolae_sub_lair_graze_edge,
          nicolae_sub_lair_graze_edge, nicolae_sub_lair_graze_edge]
Lair:2:   layout_cave_pods, minmay_swamp_entry_wisps
Lair:3:   layout_regular_city, nicolae_spider_entry_non_spiders,
          beast_lair_carwin_3, infiniplex_staircase_pool_2
Lair:4:   layout_gridlike, basic_altar, minivault_26, lemuel_fruit_fields
Lair:5:   layout_roguey, slime_dummy, ebering_ghost_reflecting_pool,
          st_stairs_13, lemuel_fruit_fields, grunt_megastairs_1
Lair:6:   hangedman_lair_caniforms_friends, layout_loops_ring,
          ebering_ghost_disaster_area, special_room [special_room_mythical_zoo],
          nicolae_quartered_pool_super, lookout_lair_type,
          amcnicky_mini_pool_medium, serial_bayou_shore_b
Swamp:1:  layout_basic_swamp, nicolae_swamp_bean_lake
Swamp:2:  layout_basic_swamp, gammafunk_ghost_abyssal_escape,
          nicolae_swamp_very_dense_foliage
Swamp:3:  layout_falls_marsh, evilmike_swamp_ruin_house_6, swamp_pool4
Spider:1: layout_spider_delve
Spider:2: nicolae_spider_corner, hangedman_spider_tarantella_strand,
          uniq_arachne
Spider:3: layout_spider_delve, drop_trap
Spider:4: guppyfry_spider_rune, hive_lemuel
Orc:1:    layout_caves, basic_altar, minmay_orc_temple_a
Orc:2:    st_orc_pillars, layout_caves, serial_shops, shop, basic_altar,
          minmay_orc_temple_c

Skill      XL: |  1  2  3  4  5  6  7  8  9 10 11 12 13 14 15 16 17 |
---------------+----------------------------------------------------+-----
Axes           | 4 5 6 7 9 10 12 14 16 17 | 17.9
Fighting       | 4 5 7 8 9 10 12 13 15 16 17 18 | 18.8
Armour         | 3 4 5 6 7 8 10 11 13 15 16 17 18 | 18.5
Shields        | 1 2 3 4 5 8 11 13 | 13.1
Dodging        | 3 4 5 6 8 9 10 12 13 15 16 17 | 17.2
Evocations     | 1 3 4 5 7 8 |  8.0

Action                   |  1- 3 |  4- 6 |  7- 9 | 10-12 | 13-15 | 16-18 || total
-------------------------+-------+-------+-------+-------+-------+-------++-------
Melee: Hand axe          |    85 |   131 |   332 |   160 |       |       ||   708
       Headbutt          |     6 |    24 |    72 |   140 |   354 |   225 ||   821
       War axe           |       |       |       |   441 |   808 |       ||  1249
       Mace              |       |       |       |       |    48 |       ||    48
       Broad axe         |       |       |       |       |   427 |   906 ||  1333
       Morningstar       |       |       |       |       |    11 |     7 ||    18
Invok: Berserk           |       |     1 |     8 |    10 |    14 |    14 ||    47
       Trog's Hand       |       |       |     3 |     4 |     3 |     3 ||    13
       Brothers in Arms  |       |       |       |     1 |     1 |       ||     2
Evoke: Wand              |       |       |     4 |       |       |     1 ||     5
       Tin of tremorston |       |       |       |     2 |       |     2 ||     4
       Phantom mirror    |       |       |       |       |     1 |       ||     1
  Use: Scroll            |       |     2 |     8 |    10 |    11 |    11 ||    42
       Potion            |       |       |       |     2 |     8 |     6 ||    16
 Stab: Distracted        |       |       |       |     1 |       |       ||     1
       Petrified         |       |       |       |       |     5 |       ||     5
       Petrifying        |       |       |       |       |     1 |       ||     1
       Confused          |       |       |       |       |       |     1 ||     1
       Held in net/web   |       |       |       |       |       |     1 ||     1
Armor: Animal skin       |     8 |       |       |       |       |       ||     8
       Leather armour    |     9 |       |       |       |       |       ||     9
       Scale mail        |     5 |    28 |       |       |       |       ||    33
       Chain mail        |       |    26 |   118 |    44 |       |       ||   188
       Plate armour      |       |       |       |   162 |   747 |   832 ||  1741
       Skin              |       |       |       |       |     8 |       ||     8
Dodge: Dodged            |    39 |    38 |    99 |   158 |   552 |   720 ||  1606
       Repelled          |       |       |       |       |       |     9 ||     9
Block: Buckler           |     9 |    15 |    59 |    95 |   112 |       ||   290
       Kite shield       |       |       |       |       |   334 |   298 ||   632
       Reflection        |       |       |       |       |     8 |    11 ||    19

Table legend: (Time is in decaauts)
 A = Elapsed time spent in this place.
 B = Non-inter-level travel time spent in this place.
 C = Inter-level travel time spent in this place.
 D = Time resting spent in this place.
 E = Time spent auto-exploring this place.
 F = Levels seen in this place.
 G = Mean time per level.
                   A        B        C        D        E       F      G
               +--------+--------+--------+--------+--------+-----+--------+
         Total |  40495 |  38073 |   2422 |   8582 |  12982 |  32 | 1265.5 |
       Dungeon |  17938 |  17067 |    871 |   3874 |   3441 |  15 | 1195.9 |
        Temple |    343 |    335 |      8 |      0 |    315 |   1 |  343.0 |
          Lair |  11064 |  10052 |   1012 |   2319 |   4525 |   6 | 1844.0 |
         Swamp |   1936 |   1883 |     53 |    172 |   1084 |   3 |  645.3 |
   Spider Nest |   6487 |   6225 |    262 |   1767 |   2658 |   4 | 1621.8 |
  Orcish Mines |   2255 |   2041 |    214 |    308 |    959 |   2 | 1127.5 |
         Sewer |    468 |    468 |      0 |    141 |      0 |   1 |  468.0 |
               +--------+--------+--------+--------+--------+-----+--------+

Top non-repeatable levels by time:
  Lair:6: 3098 daAuts
Spider:1: 2129 daAuts
    D:11: 2077 daAuts
  Lair:2: 1959 daAuts
     D:8: 1854 daAuts
  Lair:5: 1742 daAuts
Spider:2: 1635 daAuts
  Lair:4: 1538 daAuts
    D:15: 1472 daAuts
    D:14: 1460 daAuts
Spider:3: 1441 daAuts
  Lair:3: 1376 daAuts
  Lair:1: 1349 daAuts
     D:5: 1290 daAuts
Spider:4: 1281 daAuts

Table legend:
 A = Kills in this place as a percentage of kills in entire the game.
 B = Kills by you in this place as a percentage of kills by you in the entire game.
 C = Kills by friends in this place as a percentage of kills by friends in the entire game.
 D = Other kills in this place as a percentage of other kills in the entire game.
 E = Experience gained in this place as a percentage of experience gained in the entire game.
 F = Experience gained in this place divided by the number of levels of this place that you have seen.
                   A       B       C       D       E      F
               +-------+-------+-------+-------+-------+----------------------
         Total | 100.0 | 100.0 | 100.0 | 100.0 | 100.0 | 9274.8
       Dungeon |  34.8 |  34.8 |  40.0 |   0.0 |  27.1 | 5356.6
          Lair |  20.9 |  20.7 |  60.0 |   0.0 |  20.3 | 10034.2
         Swamp |   6.4 |   6.5 |   0.0 |   0.0 |  14.9 | 14702.7
   Spider Nest |  18.8 |  18.8 |   0.0 | 100.0 |  30.1 | 22313.8
  Orcish Mines |  17.2 |  17.3 |   0.0 |   0.0 |   7.6 | 11327.5
         Sewer |   1.9 |   1.9 |   0.0 |   0.0 |   0.1 | 220.0
               +-------+-------+-------+-------+-------+----------------------
